 Dungeon Crawl Stone Soup version 0.17-a0-186-g8d083fd (webtiles) character file.

25 nono the Skirmisher (level 2, -1/24 HPs)
             Began as a Demonspawn Gladiator on Mar 27, 2015.
             Slain by an adder (2 damage)
             ... on level 2 of the Dungeon.
             The game lasted 00:02:20 (956 turns).

nono the Skirmisher (Demonspawn Gladiator)           Turns: 956, Time: 00:02:20

Health: -1/24      AC:  4    Str: 15    XL:     2   Next: 86%
Magic:  2/2        EV: 12    Int: 14    God:
Gold:   107        SH:  0    Dex: 15    Spells: 0 memorised, 1 level left

rFire  . . .     SeeInvis .     a - +0 trident
rCold  . . .     Clarity  .     b - +0 leather armour
rNeg   . . .     SustAb   .     (no shield)
rPois  .         Gourm    .     c - +0 helmet
rElec  .         Spirit   .     (no cloak)
rCorr  .         Warding  .     (no gloves)
rMut   .         Stasis   .     (no boots)
MR     .....                    (no amulet)
Stlth  ++........               (no ring)
                                (no ring)

@: brilliant, hasted, very quick, not resistant to hostile enchantments,
unstealthy
A: thin skeletal structure 1
a: no special abilities


You were on level 2 of the Dungeon.
You were not hungry.

You visited 1 branch of the dungeon, and saw 2 of its levels.

You collected 107 gold pieces.

Inventory:

Hand weapons
 a - a +0 trident (weapon)
Missiles
 d - 3 throwing nets (quivered)
Armour
 b - a +0 leather armour (worn)
 c - a +0 helmet (worn)
Jewellery
 p - an uncursed ring of protection from magic {unknown}
Scrolls
 h - a scroll of blinking {unknown}
 l - a scroll of amnesia {unknown}
 m - 2 scrolls of recharging {unknown}
Potions
 i - a potion of restore abilities {unknown}
 j - a potion of ambrosia {unknown}
 n - a potion of experience {unknown}
Comestibles
 f - a bread ration
 g - a beef jerky
 k - a meat ration


   Skills:
 + Level 3.4 Fighting
 - Level 2.6 Polearms
 - Level 1.7 Throwing
 - Level 2.6 Dodging


You had one spell level left.
You didn't know any spells.

Dungeon Overview and Level Annotations

Branches:
Dungeon (2/15)

Altars:


Innate Abilities, Weirdness & Mutations

You have a somewhat thin skeletal structure (Dex +2, Stealth).


Message History

The goblin barely misses you. The hobgoblin barely misses you.
The adder bites you but does no damage. The gnoll closely misses you.
A gnoll comes into view. It is wielding a spear.
You barely miss the hobgoblin.
The hobgoblin is heavily wounded.
The goblin completely misses you. The adder barely misses you.
The goblin hits you with a dagger. The hobgoblin hits you.
* * * LOW HITPOINT WARNING * * *
The goblin hits you but does no damage.
Drink which item? (? for menu, Esc to quit)
It was a potion of brilliance.
You feel clever all of a sudden. The adder bites you but does no damage.
The gnoll closely misses you. The goblin barely misses you.
The hobgoblin hits you.
* * * LOW HITPOINT WARNING * * *
The goblin hits you.
* * * LOW HITPOINT WARNING * * *
Drink which item? (? for menu, Esc to quit)
It was a potion of haste.
You feel yourself speed up. The adder bites you.
You die...

....... #.....# #
#.....#
###.###(....#
...........# ###
##.##......#....
#..g#K.........##
#gggS.(.......>
#...#@##.########
... #g##(# #
#.##K# #.##.#
.....# #.#### #.#
#.# #<#


You could see 2 gnolls, an adder, a hobgoblin, 2 goblins and a kobold.

Vanquished Creatures
  4 giant geckos (D:1)
  A bat (D:1)
  2 giant cockroaches (D:1)
  2 hobgoblins (D:1)
  5 kobolds (D:1)
  A ball python (D:1)
  6 giant newts (D:1)
  3 goblins (D:1)
  A rat (D:1)
25 creatures vanquished.

Vanquished Creatures (others)
  A kraken (D:1)
  A draconian (D:1)
  An octopode (D:1)
  An elf (D:1)
  A formicid (D:1)
  A naga (D:1)
  A centaur (D:1)
  2 mummies (D:1)
  An orc (D:1)
  13 tentacles (D:1)
  34 tentacle segments (D:1)
57 creatures vanquished.

Grand Total: 82 creatures vanquished

Notes
Turn   | Place    | Note
--------------------------------------------------------------
     0 | D:1      | nono, the Demonspawn Gladiator, began the quest for the Orb.
     0 | D:1      | Reached XP level 1. HP: 16/16 MP: 1/1
     0 | D:1      | Noticed a naga
     0 | D:1      | Noticed a ghoul
     0 | D:1      | Noticed a draconian
     0 | D:1      | Noticed a draconian
     0 | D:1      | Noticed a kraken
     0 | D:1      | Noticed a draconian
     0 | D:1      | Noticed a formicid
     0 | D:1      | Noticed an octopode
     0 | D:1      | Noticed an elf
     0 | D:1      | Noticed a centaur
     8 | D:1      | Killed a naga
    13 | D:1      | Killed an octopode
    15 | D:1      | Killed an elf
    16 | D:1      | Killed a centaur
    19 | D:1      | Killed a formicid
    19 | D:1      | Killed a draconian
    24 | D:1      | Killed a kraken
   212 | D:1      | Gained mutation: You have a somewhat thin skeletal structure (Dex +2, Stealth). [demonic ancestry]
   212 | D:1      | Reached XP level 2. HP: 18/23 MP: 2/2
   358 | D:1      | Reached skill level 3 in Fighting
   955 | D:2      | HP: 1/24 [goblin (4)]
   956 | D:2      | Slain by an adder

Action                   || total
-------------------------++-------
Melee: Trident           ||    86
  Use: Potion            ||     2
 Stab: Sleeping          ||     1
